Map: Oxide LE

Players

A.I. 2 (Very Easy) - Winner!

  • Race: Protoss Protoss
  • Spawn Location: 7:00

HuShang

  • Race: Zerg Zerg
  • Spawn Location: 1:00

VOD

Have the link to the VOD?

Description

Time

  • Played on: Dec. 21, 2020, 2:11 a.m.
  • Length: 3:59
Show
View Real Time Build Order
Export as new Build Order

A.I. 2 (Very Easy) Protoss - Winner!

Build Orders: 1 Gate Expand, Nexus First 

Get SALT Encoding   

  12  0:00  Probe  
  13  0:13  Probe  
  14  0:19  Pylon  
  14  0:42  Gateway  
  14  1:01  Nexus  
  14  1:20  Pylon  
  14  1:21  Zealot  
  14  1:23  Assimilator  
  16  1:36  Cybernetics Core, Probe  
  17  1:49  Probe  
  18  1:59  Assimilator, Probe  
  18  2:05  Stalker  
  18  2:07  Probe  
  19  2:13  Warp Gate  
  22  2:16  Probe  
  22  2:21  Probe  
  24  2:30  Probe  
  25  2:37  Probe  
  26  2:49  Probe  
  27  2:53  Pylon  
  27  2:56  Probe  
  28  3:01  Probe  
  29  3:10  Probe  
  28  3:13  Probe  
  28  3:15  Robotics Facility  
  29  3:28  Adept  
  31  3:39  Probe  
  31  3:46  Assimilator, Probe  
Show
View Real Time Build Order
Export as new Build Order

HuShang Zerg 

Build Orders: Hatch First 

Get SALT Encoding   

  12  0:00  Drone  
  13  0:12  Overlord  
  13  0:18  Drone  
  14  0:31  Drone x2  
  16  0:47  Hatchery  
  15  0:54  Extractor  
  14  1:05  Spawning Pool  
  14  1:08  Drone  
  14  1:12  Drone  
  15  1:18  Drone  
  15  1:25  Drone  
  17  1:52  Zergling x6  
  20  1:57  Metabolic Boost  
  20  2:02  Queen  
  20  2:04  Queen  
  24  2:11  Zergling x2  
  24  2:12  Zergling x2  
  24  2:14  Zergling x2  
  27  2:20  Overlord  
  27  2:25  Zergling x2  
  28  2:45  Zergling x8  
  28  2:47  Zergling x2  
  33  2:56  Zergling x2  
  34  3:00  Zergling x2  
  34  3:04  Zergling x2  
  35  3:11  Zergling x4  
  35  3:13  Overlord  
  35  3:14  Overlord  
Tags
 
Add a new tag
Caveats
  • Supply blocks, unpowered buildings, or Contaminate may cause inaccurate times.
  • Supply counts are checked every 10 seconds.